 Dungeon Crawl Stone Soup version 0.29-a0-320-g9f8742066b (webtiles) character file.

Game seed: 10144146224276044910

932 spiderkeys the Schismatic (level 7, -10/66 HPs)
             Began as a Deep Dwarf Abyssal Knight on Apr 3, 2022.
             Was an Elder of Lugonu.
             Mangled by an ogre
             ... wielding a +0 giant club
              (22 damage)
             ... on level 5 of the Dungeon.
             The game lasted 00:10:14 (5370 turns).

spiderkeys the Schismatic (DDAK)                    Turns: 5370, Time: 00:10:15

Health: -10/66     AC: 14    Str: 18    XL:     7   Next: 86%
Magic:  10/10      EV:  7    Int: 15    God:    Lugonu [****..]
Gold:   250        SH:  0    Dex: 13    Spells: 6/6 levels left

rFire   + . .      SeeInvis .   o - +11 short sword of Causality {drain, *Rage rF+ Int+4}
rCold   . . .      Faith    .   (no shield)
rNeg    . . .      Spirit   .   j - +0 chain mail
rPois   .          Reflect  .   i - +2 helmet
rElec   .          Harm     .   (no cloak)
rCorr   .          Rampage  .   (no gloves)
Will    +....      Rage     20% E - +0 pair of boots
Stlth   ..........              (no amulet)
HPRegen 0.00/turn               Z - ring of wizardry
MPRegen 0.12/turn               (no ring)

@: no status effects
A: damage resistance, heal wounds, sense surroundings 1, no regeneration
a: Heal Wounds, Renounce Religion, Depart the Abyss, Bend Space, Banish, Corrupt


You were on level 5 of the Dungeon.
You worshipped Lugonu.
Lugonu was greatly pleased with you.
You visited 1 branch of the dungeon, and saw 5 of its levels.
You visited the Abyss 1 time.

You collected 296 gold pieces.
You spent 46 gold pieces at shops.


Innate Abilities, Weirdness & Mutations

You are resistant to damage.
You can heal yourself by infusing magical energy.
You passively map a small area around you.
You do not regenerate.


   Skills:
 + Level 4.9 Fighting
 - Level 3.5(4.3) Axes
 + Level 3.3(4.0) Maces & Flails
 + Level 5.4 Armour
 - Level 1.1 Dodging
 + Level 6.2 Invocations


You had 6 spell levels left.
You didn't know any spells.
Your spell library was empty.

Inventory:

Hand Weapons
 a - a +2 hand axe
 o - the +11 short sword of Causality (weapon) {drain, *Rage rF+ Int+4}
   (You found it on level 2 of the Dungeon)

   A truly terrible weapon, it drains the life of any living foe it strikes.
   Int:       It affects your intelligence (+4).
   rF:        It protects you from fire.
   *Rage:     It berserks you when you make melee attacks (+20% chance).
Missiles
 e - 239 stones
Armour
 d - a +0 leather armour
   (You found it on level 5 of the Dungeon)
 i - a +2 helmet (worn)
   (You found it on level 1 of the Dungeon)
 j - a +0 chain mail (worn)
   (You found it on level 2 of the Dungeon)
 x - a +0 robe
   (You took it off an orc wizard on level 4 of the Dungeon)
 z - a +0 leather armour
   (You took it off an orc priest on level 4 of the Dungeon)
 B - a +0 leather armour
   (You took it off Ijyb on level 4 of the Dungeon)
 D - a +0 leather armour
   (You took it off an orc on level 4 of the Dungeon)
 E - a +0 pair of boots (worn)
   (You found it on level 4 of the Dungeon)
 F - a +0 robe
   (You found it on level 4 of the Dungeon)
Jewellery
 Z - a ring of wizardry (left hand)
   (You took it off Ijyb on level 4 of the Dungeon)
Wands
 k - a wand of iceblast (14)
   (You found it on level 4 of the Dungeon)
 y - a wand of paralysis (2)
   (You found it on level 3 of the Dungeon)
 C - a wand of flame (18)
   (You took it off Ijyb on level 4 of the Dungeon)
Scrolls
 h - a scroll of enchant armour
 p - 3 scrolls of noise {!r}
 q - 2 scrolls of amnesia
 r - 3 scrolls of teleportation {@r4}
Potions
 b - a potion of degeneration {unknown}
 c - 3 potions of brilliance {unknown}
 f - 3 potions of heal wounds {unknown}
 g - a potion of attraction {unknown}
 l - a potion of mutation {unknown}
 n - 2 potions of ambrosia {unknown}
 s - a potion of invisibility {unknown}
 v - 2 potions of haste {unknown}
 w - 2 potions of curing {unknown}
 A - a potion of resistance {unknown}

Dungeon Overview and Level Annotations

Branches:
Dungeon (5/15)
 Temple: D:4-7

Altars:
Okawaru

Shops:
D:2 *   D:4 (

Annotations:
D:4 3 runed translucent doors, Darius099's ghost, amateur GrFi

######.#...# #.P♣♣♣♣♣♣..♣♣♣♣♣.
#.†....#...# #.#[♣P.♣P......♣*
##.####.##.## #.#P♣♣.♣..8.P♣.♣,
##...######.# #.#P..♣.P....P♣ *
#.....## #.# #.♣♣.♣.P8.⌠.8♣...
^..^...####.#####.♣♣.♣.♣....P♣.♣.
.^......#...#......♣..P♣..8.♣..♣
...>.....####.####♣.♣♣.♣...P.♣.♣
..^.............@.#.P♣♣.♣.♣P♣♣P.
.^.^.^..#####.###O##♣♣.P.P♣..♣ *
..^^..^.# #.# *.##...)♣♣.P....,
...^...## #.# .#P.♣P......♣P§,
#^....## #.# .♣.P♣P♣P.....P♣♣
##...##### #.. #.♣♣,♣♣.♣♣.♣♣.♣§
.........######.#.♣* ♣ ....♣*
..<........<÷...#.♣ , .♣♣P.,
.....####....####. , P,*


You could see an ogre (drained).


Message History

Your Armour skill increases to level 5!
You start waiting.
Done waiting.
You see here a wyvern corpse.
You now have 207 gold pieces (gained 17).
p - 3 scrolls of noise {!r} (gained 1)
You now have 210 gold pieces (gained 3).
A river rat comes into view.
You puncture the river rat!
You kill the river rat!
Lugonu accepts your kill.
You now have 220 gold pieces (gained 10).
Okay, then.
You feel much better. 😮 HP[+22]
You regained 22 hp, and now have 40/66 hp.
You open the door.
An ogre comes into view. It is wielding a +0 giant club.
The ogre shouts!
A gnoll comes into view. It is wielding a +0 whip.
You hit the ogre. You drain the ogre.
The ogre hits you with a +0 giant club. 😮 HP[-2]
You take 2 damage, and now have 38/66 hp.
You puncture the ogre! The ogre barely misses you.
You hit the ogre.
The ogre hits you with a +0 giant club!!
* * * LOW HITPOINT WARNING * * *
😨 HP[-20]
You take 20 damage, and now have 18/66 hp.
MASSIVE DAMAGE!! (PAUSE)
A red film seems to cover your vision as you go berserk!
You feel yourself moving faster!
You feel mighty!
You puncture the ogre!
You kill the ogre!
Lugonu accepts your kill.
Your Maces & Flails skill increases to level 3!
Your Invocations skill increases to level 6! 😨 HP[+9]
You now have 99 max hp (+33).
You regained 9 hp, and now have 27/99 hp.
You barely miss the gnoll. You closely miss the gnoll.
The gnoll hits you but does no damage.
You puncture the gnoll!
You kill the gnoll!
Lugonu accepts your kill.
There is an open door here.
Things that are here:
a +0 whip; a +0 giant club Calm down first, please.
Unknown command.
You start waiting.
You feel a strong urge to attack something.
You are no longer berserk.
You are exhausted.
You feel yourself slow down.
You feel yourself speed up.
You recover from your berserk rage.
You now have 235 gold pieces (gained 15).
As you open the door, it creaks loudly! 😨 HP[-9]
You now have 66 max hp (-33).
There is an open door here.
A river rat comes into view.
The river rat moves out of view.
You are too injured to fight recklessly!
You puncture the river rat! You drain the river rat.
You kill the river rat!
Lugonu accepts your kill.
You see here a river rat corpse.
e - 239 stones (gained 22)
You now have 250 gold pieces (gained 15).
An ogre comes into view. It is wielding a +0 giant club.
The ogre moves out of view.
A river rat comes into view.
A river rat is nearby!
You puncture the river rat!
You kill the river rat!
Lugonu accepts your kill.
You puncture the ogre! You drain the ogre.
The ogre hits you but does no damage.
You puncture the ogre!
You kill the ogre!
Lugonu accepts your kill.
n - 2 sapphire potions (gained 1)
Things that are here:
a +0 giant club; an ogre corpse
r - 3 scrolls of teleportation {@r4} (gained 1)
An ogre comes into view. It is wielding a +0 giant club.
The ogre shouts!
Okay, then.
Aiming: Iceblast
Press: ? - help, Shift-Dir - straight line, f - ogre
Aim: an ogre, wielding a +0 giant club The mass of ice explodes!
The iceblast engulfs the ogre!
You completely miss the ogre. The ogre hits you with a +0 giant club!
* * * LOW HITPOINT WARNING * * *
😱 HP[-6]
You take 6 damage, and now have 12/66 hp.
You hit the ogre. You drain the ogre.
The ogre hits you with a +0 giant club!!
You die...

Skill      XL: |  1  2  3  4  5  6  7 |
---------------+----------------------+-----
Fighting       | 3 4 |  4.9
Invocations    | 3 4 5 6 |  6.2
Armour         | 3 4 5 |  5.4
Axes           | 3 |  3.5
Maces & Flails | 1 2 3 |  3.3
Dodging        | |  1.1

Action                   |  1- 3 |  4- 6 |  7- 9 || total
-------------------------+-------+-------+-------++-------
Melee: Hand axe          |   122 |       |       ||   122
       Short sword       |     5 |   102 |    28 ||   135
       Punch             |       |     1 |       ||     1
Throw: Stone             |    13 |       |       ||    13
       Throwing net      |       |     1 |       ||     1
 Abil: Heal Wounds       |     1 |     2 |     1 ||     4
Evoke: Wand              |       |     3 |     1 ||     4
  Use: Scroll            |       |     9 |       ||     9
 Stab: Sleeping          |       |     1 |       ||     1
Armor: Leather armour    |    56 |    25 |       ||    81
       Chain mail        |       |     6 |     9 ||    15
Dodge: Dodged            |    81 |    55 |     3 ||   139

Levels and vault maps discovered:
D:1:      wander_arrival_lonely_grave, layout_basic,
          shapermc_ecumenical_altar_mp_vishouse
D:2:      layout_basic, serial_shops, nicolae_shop_overgrown_old_shop,
          basic_altar, kennysheep_generic_room_4
D:3:      layout_loops_ring, serial_aquarium, aquarium_bridge_island_small
          [aquarium_subvault_small_water, aquarium_subvault_bridge,
          aquarium_subvault_wall, aquarium_subvault_wall,
          aquarium_subvault_wall], aquarium_bridge_square
          [aquarium_subvault_wall, aquarium_subvault_window,
          aquarium_subvault_wall, aquarium_subvault_bridge],
          aquarium_window_fake, aquarium_window_fake, aquarium_window_2,
          aquarium_view_2f, aquarium_view_2e, aquarium_pool_2
D:4:      layout_rooms, serial_shops, nicolae_stop_n_shop_1,
          gammafunk_ghost_necromancy, uniq_ijyb, uniq_duvessa, uniq_robin
D:5:      wad_woods_tower, layout_basic, mainiacjoe_overflow_brackets,
          nicolae_wormholes, uniq_blork_the_orc

Notes
Turn   | Place    | Note
-------+----------+-------------------------------------------
     0 | Abyss:1  | spiderkeys the Deep Dwarf Abyssal Knight began the quest
                  | for the Orb.
     0 | Abyss:1  | Reached XP level 1. HP: 20/20 MP: 2/2
     0 | Abyss:1  | magus.rc [v1.11.3]
    49 | D:1      | You pass through the gate.
    49 | D:1      | Escaped the Abyss
   125 | D:1      | Reached XP level 2. HP: 14/27 MP: 4/4
   372 | D:1      | Reached *** piety under Lugonu
   373 | D:1      | Reached skill level 3 in Fighting
   422 | D:1      | Reached skill level 3 in Invocations
   495 | D:1      | Found a faded altar of an unknown god.
   757 | D:1      | Reached XP level 3. HP: 16/34 MP: 5/5
  1010 | D:2      | Found an iron altar of Okawaru.
  1031 | D:2      | Found Rorphis's Assorted Antiques.
  1217 | D:2      | Reached skill level 3 in Armour
  1218 | D:2      | Reached skill level 3 in Axes
  1325 | D:2      | Identified the +11 short sword of Causality {drain, *Rage
                  | rF+ Int+4}
  1339 | D:2      | Bought a scroll labelled HICELO LAHUPS for 23 gold pieces
  1339 | D:2      | Bought a scroll labelled KYPEEGOILU for 23 gold pieces
  1563 | D:2      | Reached XP level 4. HP: 39/42 MP: 6/6
  2291 | D:3      | Reached **** piety under Lugonu
  2912 | D:3      | Reached XP level 5. HP: 49/49 MP: 7/7
  2917 | D:3      | Reached skill level 4 in Invocations
  3439 | D:4      | Found Wesk's Weapon Emporium.
  3579 | D:4      | Noticed Robin
  3593 | D:4      | Killed Robin
  3797 | D:4      | Noticed Duvessa
  3799 | D:4      | Noticed Dowan
  3806 | D:4      | Killed Duvessa
  3807 | D:4      | Reached skill level 1 in Maces & Flails
  3807 | D:4      | Reached skill level 4 in Armour
  3807 | D:4      | Reached XP level 6. HP: 57/57 MP: 9/9
  3835 | D:4      | HP: 12/57 [Dowan/+3 dagger of speed (3)]
  3837 | D:4      | HP: 3/57 [Dowan/+3 dagger of speed (5)]
  3847 | D:4      | Killed Dowan
  3848 | D:4      | Reached skill level 4 in Fighting
  4144 | D:4      | Found a runed translucent gate.
  4144 | D:4      | Found a runed translucent gate.
  4145 | D:4      | Found a runed translucent gate.
  4147 | D:4      | Noticed Darius099's ghost (amateur GrFi)
  4189 | D:4      | Noticed Ijyb
  4192 | D:4      | Reached skill level 5 in Invocations
  4195 | D:4      | Reached skill level 2 in Maces & Flails
  4196 | D:4      | Killed Ijyb
  4569 | D:5      | Entered Level 5 of the Dungeon
  4576 | D:4      | Reached XP level 7. HP: 32/66 MP: 8/10
  5035 | D:5      | Noticed a wyvern
  5040 | D:5      | Killed a wyvern
  5041 | D:5      | Reached skill level 5 in Armour
  5207 | D:5      | Reached skill level 3 in Maces & Flails
  5207 | D:5      | Reached skill level 6 in Invocations
  5369 | D:5      | HP: 12/66 [ogre/+0 giant club (6)]
  5370 | D:5      | Mangled by an ogre

Vanquished Creatures
  A wyvern (D:5)
  Duvessa (D:4)
  2 ogres (D:5)
  A phantom (D:4)
  Dowan (D:4)
  An orc priest (D:4)
  An iguana (D:4)
  An orc wizard (D:4)
  Ijyb (D:4)
  Robin (D:4)
  8 gnolls
  7 adders
  3 river rats (D:5)
  An ufetubus (D:4)
  3 worms (D:5)
  A dart slug (D:2)
  5 orcs (D:4)
  7 bats
  10 endoplasms
  6 giant cockroaches
  17 goblins
  9 hobgoblins
  2 quokkas
  8 ball pythons
  6 frilled lizards
  7 kobolds
  2 rats
113 creatures vanquished.

Table legend:
 A = Non-vault XP
 B = Vault XP
 C = Vault XP percentage of total XP
 D = Non-vault monster count
 E = Vault monster count
 F = Vault count percentage of total count
                 A         B        C        D         E       F
            +---------+---------+-------+---------+---------+-------
      Total |     865 |     467 |  35.1 |      88 |      25 |  22.1
            +---------+---------+-------+---------+---------+-------
        D:1 |      41 |       0 |   0.0 |      24 |       0 |   0.0
        D:2 |      86 |       3 |   3.4 |      23 |       2 |   8.0
        D:3 |     118 |       0 |   0.0 |      20 |       0 |   0.0
        D:4 |     276 |     279 |  50.3 |      18 |      15 |  45.5
        D:5 |     344 |     185 |  35.0 |       3 |       8 |  72.7
            +---------+---------+-------+---------+---------+-------

Illustrated notes

Table legend:
 A = Kills in this place as a percentage of kills in entire the game.
 B = Kills by you in this place as a percentage of kills by you in the entire game.
 C = Kills by friends in this place as a percentage of kills by friends in the entire game.
 D = Other kills in this place as a percentage of other kills in the entire game.
 E = Experience gained in this place as a percentage of experience gained in the entire game.
 F = Experience gained in this place divided by the number of levels of this place that you have seen.
                   A       B       C       D       E      F
               +-------+-------+-------+-------+-------+----------------------
         Total | 100.0 | 100.0 |   N/A |   N/A | 100.0 | 222.0
       Dungeon | 100.0 | 100.0 |   N/A |   N/A | 100.0 | 266.4
               +-------+-------+-------+-------+-------+----------------------

Table legend: (Time is in decaauts)
 A = Elapsed time spent in this place.
 B = Non-inter-level travel time spent in this place.
 C = Inter-level travel time spent in this place.
 D = Time resting spent in this place.
 E = Time spent auto-exploring this place.
 F = Levels seen in this place.
 G = Mean time per level.
                   A        B        C        D        E       F      G
               +--------+--------+--------+--------+--------+-----+--------+
         Total |   5552 |   5426 |    126 |   2106 |   2568 |   6 |  925.3 |
       Dungeon |   5503 |   5377 |    126 |   2106 |   2527 |   5 | 1100.6 |
         Abyss |     49 |     49 |      0 |      0 |     41 |   1 |   49.0 |
               +--------+--------+--------+--------+--------+-----+--------+

Top non-repeatable levels by time:
     D:3: 1398 daAuts
     D:4: 1311 daAuts
     D:2: 1129 daAuts
     D:1: 956 daAuts
     D:5: 708 daAuts
 Abyss:1: 49 daAuts
